 Dungeon Crawl Stone Soup version 0.30-a0-883-g5ad918d77d (webtiles) character file.

Game seed: 18334351824043804389

129455 porpoise the Spry (level 17, -5/123 HPs)
             Began as a Djinni Fire Elementalist on Mar 16, 2023.
             Was the Champion of Makhleb.
             Slain by a ghost moth (13 damage)
             ... on level 3 of the Spider Nest on Mar 18, 2023.
             The game lasted 02:58:16 (29572 turns).

porpoise the Spry (Djinni Fire Elementalist)       Turns: 29572, Time: 02:58:17

Health: -5/123     AC: 16    Str:  3 (7)  XL:     17   Next: 61%
Gold:   1659       EV: 14    Int: 21 (22) God:    Makhleb [******] SH:  0 Dex: 15 (17)

rFire   + + +      SeeInvis .    a - staff of fire
rCold   . . .      Faith    .    e - +3 warlock's mirror {omnireflect}
rNeg    + . .      Spirit   .    H - +4 troll leather armour
rPois   ∞          Reflect  +    m - +1 helmet
rElec   .          Rampage  .    z - +0 cloak
rCorr   .                        n - +1 pair of gloves {Stlth+}
Will    +....                    (boots unavailable)
Stlth   +++++                    d - amulet of regeneration
HPRegen 2.00/turn                s - +5 ring of evasion
MPRegen 0.00/turn                c - ring "Rauf" {rC+ rN+ Stlth+}

@: flying, very slightly contaminated, held, invisible
A: sickness immunity, fire resistance 2, cold vulnerability 1, float, innate
caster, HP casting, extra vitality 1, large bone plates 1, wild magic 1
a: Renounce Religion, Minor Destruction, Lesser Servant of Makhleb, Major
Destruction, Greater Servant of Makhleb


You were on level 3 of the Spider Nest.
You worshipped Makhleb.
Makhleb was exalted by your worship.
You visited 4 branches of the dungeon, and saw 25 of its levels.
You also visited: Sewer, Ice Cave and Volcano.

You collected 3081 gold pieces.
You spent 1422 gold pieces at shops.

Inventory:

Hand Weapons
 b - a +3 rapier of freezing
Missiles
 S - 4 curare-tipped darts (quivered)
 X - 3 boomerangs of dispersal
Armour
 e - the +3 warlock's mirror (worn) {omnireflect}
   (You acquired it on level 6 of the Dungeon)

   Omnireflect: It can block and reflect piercing ranged attacks and magical
   attacks against the wielder's willpower.
 m - a +1 helmet (worn)
 n - a +1 pair of gloves of stealth (worn)
 z - a +0 cloak (worn)
 H - a +4 troll leather armour (worn)
Magical Staves
 a - a staff of fire (weapon)
Jewellery
 c - the ring "Rauf" (right hand) {rC+ rN+ Stlth+}
   (You bought it in a shop on level 14 of the Dungeon)

   [ring of protection from cold]

   rC:        It protects you from cold.
   rN:        It protects you from negative energy.
   Stlth:     It makes you more stealthy.
 d - an amulet of regeneration (around neck)
 s - a +5 ring of evasion (left hand)
 x - a ring of resist corrosion
 D - a ring of protection from cold
Wands
 o - a wand of iceblast (23)
 r - a wand of polymorph (7)
 G - a wand of mindburst (15)
 J - a wand of paralysis (19)
 N - a wand of flame (46)
 R - a wand of light (9)
Scrolls
 f - a scroll of enchant weapon
 h - 12 scrolls of teleportation
 k - 10 scrolls of identify
 p - 9 scrolls of vulnerability
 v - 4 scrolls of poison
 y - 2 scrolls of silence
 P - 6 scrolls of fog
 T - 2 scrolls of magic mapping
Potions
 g - a potion of invisibility
 j - 5 potions of haste
 q - 4 potions of heal wounds
 u - 8 potions of curing
 A - 3 potions of resistance
 B - 5 potions of cancellation
 C - 2 potions of might
 E - 5 potions of attraction
 M - 2 potions of lignification
 O - 6 potions of brilliance
Miscellaneous
 l - a phantom mirror (inert)


   Skills:
 - Level 12.0 Fighting
 - Level 1.0 Short Blades
 - Level 4.0 Staves
 + Level 11.8 Armour
 - Level 15.0 Dodging
 - Level 7.0 Stealth
 - Level 12.0 Shields
 - Level 14.0 Spellcasting
 + Level 9.6 Invocations
 - Level 7.0 Evocations


You knew the following spells:

 Your Spells              Type           Power      Damage    Failure   Level
a - Foxfire               Conj/Fire      100%       2x1d9     1%          1
b - Scorch                Fire           100%       2d10      1%          2
c - Kindle Blastsparks    Fire/Tloc/Air  100%       2d18      1%          3
d - Magic Dart            Conj           100%       1d8       1%          1
e - Iron Shot             Conj/Erth      38%        9d8       7%          6
f - Swiftness             Air            77%        N/A       1%          3
g - Statue Form           Tmut/Erth      51%        N/A       7%          6
h - Blade Hands           Tmut           38%        N/A       1%          5
i - Inner Flame           Hex/Fire       97%        N/A       1%          3
o - Olgreb's Toxic Radia  Pois           77%        N/A       1%          4
p - Iskenderun's Battles  Conj           77%        2d13      1%          5
s - Static Discharge      Conj/Air       100%       2-7/arc   1%          2
w - Flame Wave            Conj/Fire      97%        2d20      1%          4
Your spell library was empty.

Dungeon Overview and Level Annotations

Branches:
Dungeon (15/15)            Temple (0/1) D:6            Lair (5/5) D:8
 Shoals (0/4) Lair:3       Spider (3/4) Lair:2        Slime (0/5) Lair:5
    Orc (2/2) D:9             Elf (0/3) Orc:2        Vaults (0/5) D:13
 Depths (0/4) D:15          Sewer (visited)           IceCv (visited)
Volcano (visited)

Altars:
Cheibriados
Elyvilon
Fedhas
Gozag
Makhleb
Ru
Uskayaw
Wu Jian
Jiyva

Shops:
D:5 *   D:14 =   D:15 :   Orc:1 (   Orc:2 *[(:


Innate Abilities, Weirdness & Mutations

You are immune to sickness and miasma.
You are immune to poison.
Your flesh is very heat resistant. (rF++)
You are vulnerable to cold. (rC-)
You float through the air rather than walking.
You learn spells naturally, not from books.
Your magical power is your life essence.
You have superior vitality. (+4 MHP)
You are partially covered in large bone plates. (SH +4)
Your spells are a little harder to cast, but a little more powerful.


Message History

Something stings you but does no damage.
You feel much better.
Arachne casts a spell.
Arachne blinks!
You feel you are being watched by something.
Something hits you but does no damage. Something hits you!
* * * LOW HITPOINT WARNING * * *
Something stings you but does no damage.
Arachne hits Arachne with a staff of poison!
Arachne envenoms Arachne.
A demon appears!
Something hits you.
* * * LOW HITPOINT WARNING * * *
You feel weakened. Something hits you but does no damage. Something stings you.
* * * LOW HITPOINT WARNING * * *
Arachne hits Arachne with a staff of poison.
Arachne envenoms Arachne.
Arachne stares at Arachne and mumbles some strange words.
The poison arrow hits Arachne!!
Arachne partially resists.
Arachne is poisoned.
Arachne dies!
Makhleb accepts your kill.
Press: ? - help, v - describe, . - travel
Here: an orange demon (summoned, friendly)
The floor.
You feel much better. Arachne casts a spell next to you.
The poison arrow hits something!
You feel you are being watched by something.
Something hits you but does no damage. x2; Something stings you!
* * * LOW HITPOINT WARNING * * *
Arachne casts a spell at something.
The bolt of poison hits something.
You feel you are being watched by something.
Something hits you!
* * * LOW HITPOINT WARNING * * *
Something hits you but does no damage.
Something stings you but does no damage.
You fade into invisibility!
Something hits you!
You die...

.... #..=...... ....
#..........
y.....#...........
.....|#...........
..........?...!...
.......H..?$.....#
.......4............
........@{...).......
#.........†.........
.....#.^..†.........
.....#..>...........
....................
.....#...........^..
#...................
#.........#..#########
#.........#..^.^.....#


You could see the friendly Arachne (summoned, drained) and a friendly orange
demon (summoned).

Vanquished Creatures
  Jorgrun (D:14)
  Roxanne (Spider:2)
  3 emperor scorpions
  A frost giant (IceCv)
  An orc warlord (Orc:2)
  Nessos (Orc:2)
  A spark wasp (Spider:2)
  An ettin (D:15)
  3 entropy weavers
  5 centaur warriors
  2 radroaches
  Erolcha (D:11)
  3 hydras (D:15)
  4 boulder beetles
  A jorogumo (Spider:2)
  A dancing weapon (Volcano)
  3 catoblepae (Lair:5)
  7 two-headed ogres
  16 death yaks
  3 tengu warriors
  An orc high priest (Orc:2)
  Nergalle (Lair:3)
  2 skysharks
  2 pharaoh ants
  5 skeletal warriors (D:12)
  The ghost of Pimp the Conjurer, a novice GrFE of Vehumet (D:8)
  6 orb spiders
  4 sun moths
  A deep troll (D:15)
  A lindwurm (D:13)
  3 steelbarb worms (Spider:1)
  8 wizards
  An orb spider (shapeshifter) (D:15)
  4 orc knights
  A deep elf pyromancer (D:12)
  7 wolf spiders
  A necromancer (D:15)
  6 ugly things
  4 orc sorcerers
  3 cyclopes
  4 manticores
  2 moths of wrath
  5 toenail golems (Volcano)
  3 black mambas
  An ice statue (IceCv)
  An unseen horror (D:13)
  12 cane toads
  A demonic crawler (Spider:1)
  2 gargoyles
  10 komodo dragons
  2 kobold demonologists
  A tengu conjurer (D:14)
  2 rime drakes
  7 trolls
  3 meliai (Spider:1)
  A queen bee (shapeshifter) (D:13)
  10 polar bears
  A hornet (D:8)
  14 tarantellas
  6 blink frogs
  5 dream sheep (Lair:4)
  14 jumping spiders
  19 culicivoras
  7 shadows
  A vampire (D:14)
  78 yaks
  3 wraiths
  4 hogs
  3 basilisks
  5 wyverns
  4 steam dragons
  29 redbacks
  4 vampire mosquitoes
  3 wargs
  3 acid dragons
  14 water moccasins
  8 hell hounds
  27 orc warriors
  2 black bears (D:5)
  A sky beast (D:8)
  An ice beast (D:6)
  8 ogres
  17 wolves (IceCv)
  14 centaurs
  A phantom (D:5)
  4 kobold brigands
  10 bullfrogs
  A gnoll sergeant (D:9)
  A scorpion (D:7)
  4 wights (D:10)
  5 killer bees (D:9)
  3 howler monkeys
  A crimson imp (D:12)
  7 jellies
  5 hounds
  15 orc priests
  A gnoll bouda (D:7)
  4 iguanas
  A sleepcap (D:6)
  25 orc wizards
  13 gnolls
  3 adders
  A river rat (D:5)
  A shadow imp (D:7)
  13 white imps
  3 worms
  4 dart slugs
  68 orcs
  9 bats
  10 endoplasms
  8 giant cockroaches
  5 goblins
  6 hobgoblins
  4 jackals (D:1)
  28 kobolds
  11 ball pythons
  4 frilled lizards
  13 rats
775 creatures vanquished.

Vanquished Creatures (collateral kills)
  Arachne (Spider:3)
  Azrael (D:15)
  A pharaoh ant (Spider:2)
  2 tarantellas (Spider:2)
  A jumping spider (Spider:2)
  2 yaks (Lair:3)
  2 fire elementals (D:15)
  3 redbacks (Spider:2)
  A bullfrog (D:8)
  An orc wizard (D:8)
  3 orcs (D:8)
  12 foxfires
30 creatures vanquished.

Vanquished Creatures (others)
  A jelly (D:6)
  2 orc priests (Orc:2)
  735 foxfires
  11 fungi
  35 plants
  3 toadstools (D:4)
787 creatures vanquished.

Grand Total: 1592 creatures vanquished

Notes
Turn   | Place    | Note
-------+----------+-------------------------------------------
     0 | D:1      | porpoise the Djinni Fire Elementalist began the quest for
                  | the Orb.
     0 | D:1      | porpoise set off with the following spells memorised:
                  | Foxfire, Scorch, Kindle Blastsparks, Inner Flame, Flame
                  | Wave.
     0 | D:1      | Reached XP level 1. HP: 15/15 MP: 0/0
    52 | D:1      | You are sucked into a shaft and drop 1 floor!
   136 | D:2      | Reached skill level 1 in Fighting
   136 | D:2      | Reached XP level 2. HP: 12/22 MP: 0/0
   647 | D:2      | Found a faded altar of an unknown god.
   647 | D:2      | Noticed a balrug
   661 | D:2      | Reached XP level 3. HP: 24/27 MP: 0/0
   661 | D:2      | Learned a level 1 spell: Magic Dart
  1785 | D:2      | Reached XP level 4. HP: 33/33 MP: 0/0
  2634 | D:3      | Reached XP level 5. HP: 15/40 MP: 0/0
  2634 | D:3      | Learned a level 2 spell: Static Discharge
  3585 | D:4      | Noticed an ogre
  3591 | D:4      | Killed an ogre
  3592 | D:4      | Reached XP level 6. HP: 42/47 MP: 0/0
  3844 | D:4      | Found a burning altar of Makhleb.
  3847 | D:4      | Found a blossoming altar of Fedhas.
  3864 | D:4      | Reached XP level 7. HP: 26/53 MP: 0/0
  3864 | D:4      | Learned a level 3 spell: Swiftness
  4096 | D:4      | Became a worshipper of Makhleb the Destroyer
  4831 | D:5      | Entered Level 5 of the Dungeon
  4951 | D:5      | Reached skill level 5 in Fighting
  4951 | D:5      | Reached skill level 1 in Invocations
  4997 | D:5      | Found a glowing drain.
  5101 | Sewer    | Entered a sewer
  5468 | Sewer    | Reached * piety under Makhleb
  5960 | Sewer    | Reached XP level 8. HP: 57/60 MP: 0/0
  6032 | D:5      | Reached skill level 5 in Spellcasting
  6284 | D:5      | Found Vurgh's Assorted Antiques.
  6298 | D:5      | Bought a scroll labelled VUS QETAFRI for 27 gold pieces
  6298 | D:5      | Bought a scroll labelled VIXKUF ZUOMMELL for 27 gold pieces
  6298 | D:5      | Bought a shiny golden ring for 135 gold pieces
  6760 | D:6      | Acquired the +3 warlock's mirror {omnireflect}
  6760 | D:6      | Found the +3 warlock's mirror {omnireflect}
  6767 | D:6      | Acquired a manual of Dodging
  6828 | D:6      | Found a staircase to the Ecumenical Temple.
  6836 | D:6      | Found an ornate altar of the Wu Jian Council.
  7109 | D:6      | Acquired a manual of Spellcasting
  7187 | D:6      | Reached ** piety under Makhleb
  7252 | D:6      | Reached XP level 9. HP: 58/68 MP: 0/0
  7252 | D:6      | Learned a level 4 spell: Olgreb's Toxic Radiance
  7869 | D:7      | Reached skill level 5 in Invocations
  7932 | D:7      | Reached skill level 3 in Dodging
  8040 | D:7      | Found a hide-covered altar of Uskayaw.
  8176 | D:7      | Noticed a troll
  8181 | D:7      | Killed a troll
  8182 | D:7      | Reached skill level 4 in Dodging
  8183 | D:7      | Reached skill level 5 in Dodging
  8373 | D:7      | Found a sacrificial altar of Ru.
  8380 | D:7      | Found a white marble altar of Elyvilon.
  8429 | D:7      | Reached XP level 10. HP: 51/75 MP: 0/0
  8634 | D:7      | Reached skill level 6 in Dodging
  9110 | D:8      | Reached skill level 7 in Dodging
  9126 | D:8      | Reached skill level 8 in Dodging
  9152 | D:8      | Reached *** piety under Makhleb
  9153 | D:8      | Reached skill level 5 in Stealth
  9159 | D:8      | Reached skill level 9 in Dodging
  9191 | D:8      | Found a staircase to the Lair.
  9399 | D:8      | Identified the +3 whip "Inion" {speed, rElec rF+}
  9534 | D:8      | Found an opulent altar of Gozag.
  9953 | D:8      | Reached skill level 1 in Shields
 10081 | D:8      | Reached XP level 11. HP: 79/79 MP: 0/0
 10081 | D:8      | Learned a level 5 spell: Iskenderun's Battlesphere
 10238 | D:8      | Found a runed translucent gate.
 10238 | D:8      | Found a runed translucent gate.
 10238 | D:8      | Found a runed translucent gate.
 10243 | D:8      | Noticed Pimp's ghost (novice GrFE)
 10835 | D:9      | Reached skill level 10 in Spellcasting
 10840 | D:9      | Reached skill level 10 in Dodging
 10979 | D:9      | Found a staircase to the Orcish Mines.
 11167 | D:9      | Noticed a centaur warrior
 11174 | D:9      | Killed a centaur warrior
 11234 | D:9      | Reached skill level 5 in Shields
 11237 | D:9      | Noticed a tengu warrior
 11239 | D:9      | Reached skill level 11 in Dodging
 11246 | D:9      | Killed a tengu warrior
 11267 | D:9      | Reached **** piety under Makhleb
 11455 | D:9      | Identified the +1 flail of Mana {spect, rC+ Will+}
 11761 | D:10     | Entered Level 10 of the Dungeon
 11793 | D:10     | Noticed a two-headed ogre
 11803 | D:10     | Killed a two-headed ogre
 11873 | D:10     | Found a snail-covered altar of Cheibriados.
 12081 | D:10     | Reached XP level 12. HP: 84/85 MP: 0/0
 12191 | D:10     | Reached skill level 12 in Dodging
 12650 | Lair:1   | Entered Level 1 of the Lair of Beasts
 12709 | Lair:1   | Reached skill level 13 in Dodging
 12727 | Lair:1   | Reached skill level 14 in Dodging
 12754 | Lair:1   | Reached skill level 1 in Armour
 13881 | Lair:2   | Found a frozen archway.
 13888 | Lair:2   | Reached ***** piety under Makhleb
 13897 | Lair:2   | Reached skill level 1 in Evocations
 13936 | IceCv    | Entered an ice cave
 14219 | IceCv    | Reached XP level 13. HP: 80/94 MP: 0/0
 14219 | IceCv    | Learned a level 5 spell: Blade Hands
 14385 | IceCv    | Reached skill level 5 in Armour
 14725 | IceCv    | Reached skill level 5 in Evocations
 14895 | IceCv    | Noticed a frost giant
 14903 | IceCv    | Killed a frost giant
 14904 | IceCv    | Reached skill level 10 in Fighting
 15578 | Lair:2   | Reached skill level 15 in Dodging
 15614 | Lair:2   | Found a hole to the Spider Nest.
 15971 | Lair:3   | Noticed Nergalle
 15976 | Lair:3   | Killed Nergalle
 15993 | Lair:3   | Reached skill level 1 in Short Blades
 16368 | Lair:3   | Found a staircase to the Shoals.
 16424 | Lair:3   | Reached skill level 1 in Staves
 16424 | Lair:3   | Reached XP level 14. HP: 85/103 MP: 0/0
 18241 | Lair:5   | Entered Level 5 of the Lair of Beasts
 18262 | Lair:5   | Found a dark tunnel.
 18280 | Volcano  | Entered a volcano
 18542 | Volcano  | Identified the -1 pair of gloves of Good Intentions {+Blink
                  | rPois rN+}
 18775 | Lair:5   | Reached ****** piety under Makhleb
 18942 | Lair:5   | Reached skill level 10 in Shields
 19121 | Lair:5   | Found a staircase to the Slime Pits.
 19131 | Lair:5   | Found a viscous altar of Jiyva.
 19998 | Lair:5   | Reached XP level 15. HP: 86/112 MP: 0/0
 19998 | Lair:5   | Learned a level 6 spell: Iron Shot
 20267 | Lair:5   | Found the +10 dark maul {heavy}
 20664 | D:8      | Killed Pimp's ghost
 20981 | D:11     | Noticed Erolcha
 20994 | D:11     | Killed Erolcha
 22546 | D:5      | Bought an embroidered scarf for 216 gold pieces
 23329 | D:13     | Found a gate to the Vaults.
 23808 | D:14     | Noticed Jorgrun
 23817 | D:14     | Killed Jorgrun
 24451 | D:14     | Found Netyebb's Jewellery Emporium.
 24454 | D:14     | Bought the ring "Rauf" {rC+ rN+ Stlth+} for 663 gold pieces
 24499 | D:14     | Reached XP level 16. HP: 118/118 MP: 0/0
 24759 | D:15     | Entered Level 15 of the Dungeon
 24864 | D:15     | Found Vofi's Book Emporium.
 25071 | D:15     | HP: 1/118 [deep troll (16)]
 25176 | D:15     | Noticed Azrael
 25194 | D:15     | Killed Azrael
 25432 | D:15     | Found a staircase to the Depths.
 25936 | Orc:1    | Entered Level 1 of the Orcish Mines
 25989 | Orc:2    | Entered Level 2 of the Orcish Mines
 26205 | Orc:2    | Found a staircase to the Elven Halls.
 26372 | Orc:1    | Found Olone's Weapon Shoppe.
 27154 | Orc:2    | Noticed Nessos
 27161 | Orc:2    | Killed Nessos
 27368 | Orc:2    | Found Pojuulan's General Store.
 27480 | Orc:2    | Found Zumpik's Antique Armour Boutique.
 27493 | Orc:2    | Found Mofucue's Antique Weapon Boutique.
 27525 | Orc:2    | Bought a scroll of magic mapping for 75 gold pieces
 27541 | Orc:2    | Bought a smoking ring mail for 279 gold pieces
 27541 | Orc:2    | Identified the +0 ring mail "Misuf" {rF+ rCorr SInv} (You
                  | bought it in a shop on level 2 of the Orcish Mines)
 27588 | Orc:2    | Found Powyeng's Book Boutique.
 27900 | Lair:1   | Gained mutation: You are partially covered in large bone
                  | plates. (SH +4) [potion of mutation]
 27900 | Lair:1   | Gained mutation: Your spells are a little harder to cast,
                  | but a little more powerful. [potion of mutation]
 27952 | Spider:1 | Entered Level 1 of the Spider Nest
 28129 | Spider:1 | You are sucked into a shaft and drop 1 floor!
 28135 | Spider:2 | Noticed Kirke
 28196 | Spider:1 | Noticed an emperor scorpion
 28205 | Spider:1 | Killed an emperor scorpion
 28340 | Spider:1 | Reached XP level 17. HP: 72/123 MP: 0/0
 28340 | Spider:1 | Learned a level 6 spell: Statue Form
 28685 | Spider:2 | Reached skill level 10 in Armour
 28858 | Spider:1 | Kirke changed into Kirke the hog
 28858 | Spider:1 | Noticed Kirke
 28859 | Spider:1 | Killed Kirke the hog
 29124 | Spider:2 | Identified Roxanne's Catalogue of the Boulder
 29124 | Spider:2 | Noticed Roxanne
 29263 | Spider:2 | Killed Roxanne
 29552 | Spider:3 | Noticed Arachne
 29566 | Spider:3 | HP: 5/123 [Arachne/staff of poison (11)]
 29570 | Spider:3 | Killed Arachne
 29571 | Spider:3 | HP: 6/123 [something (14)]
 29572 | Spider:3 | Slain by a ghost moth

Illustrated notes

Levels and vault maps discovered:
D:1:      amcnicky_arrival_double_pillar, layout_basic
D:2:      layout_basic, dreamdust_ecumenical_altar_sealed_demon
D:3:      layout_loops_ring, minmay_misc_feat_room
D:4:      layout_basic, chequers_temple_overflow_statue_of_worship,
          minmay_misc_feat_plants, hangedman_abyss_or_decor_lesser_grid,
          minmay_gold_behind_fungi
D:5:      black_bear_nest_1, layout_basic, mainiacjoe_overflow_24_doors,
          portal_sewer_entry_c, serial_shops, shop
D:6:      layout_cave_pools, mainiacjoe_overflow_boulevard, temple_fountains
D:7:      minmay_cornered_nines, layout_loops_ring,
          mainiacjoe_overflow_chevrons, nicolae_overflow_two_pavilions
D:8:      layout_loops_ring, grunt_gozag_breadcrumbs,
          mainiacjoe_overflow_alcove_4, minmay_lair_entry_grove,
          gammafunk_ghost_spectres
D:9:      layout_loops_cross, david_orc_2, evilmike_minifort
D:10:     layout_loops_ring, mainiacjoe_overflow_paths
D:11:     layout_rooms, dk_vineyard_3, uniq_erolcha
D:12:     layout_gridville, minmay_misc_feat_encased, serial_park_tiny_pond,
          grunt_ministairs_6, minmay_fire_ice_demons
D:13:     layout_basic, david_vaults_4, dk_noncrumbling_4
D:14:     layout_irregular_city, serial_shops, shop,
          hangedman_decor_clover_reticule, uniq_jorgrun
D:15:     hangedman_depths_entry_civil_slaughter, layout_stronghold,
          nrook_mini_vaults, minmay_shop_grid_forest, uniq_azrael
Lair:1:   layout_gridlike, lemuel_another_geyser, grunt_megastairs_4
Lair:2:   layout_gridlike, hellmonk_spider_entry_life_and_decay,
          portal_ice_cave_entry_imps, lemuel_fruit_tree
Lair:3:   layout_cave_pods, elwin_shoals_entry_rocks, beast_lair_carwin_1,
          uniq_nergalle
Lair:4:   beast_lair_carwin_large_1, layout_cave_shapes, serial_bayou_shore_b,
          grunt_megastairs_1
Lair:5:   evilmike_catoblepas_cave, layout_long_grid,
          nicolae_slime_entry_field_trip, enter_volcano_3
Spider:1: layout_spider_delve
Spider:2: layout_spider_delve, uniq_roxanne, uniq_kirke
Spider:3: spiders_nest_scorpion_pit, hellmonk_narrow_tunnel,
          hangedman_spider_tarantella_strand, uniq_aizul, uniq_arachne
Orc:1:    layout_diamond_mine, serial_shops, shop
Orc:2:    grunt_orc_cross, layout_caves, nicolae_orc_lava_room, uniq_nessos

Skill      XL: |  1  2  3  4  5  6  7  8  9 10 11 12 13 14 15 16 17 |
---------------+----------------------------------------------------+-----
Fighting       | 1 2 3 4 5 7 8 10 12 | 12.0
Spellcasting   | 3 4 5 8 9 11 12 13 14 | 14.0
Invocations    | 1 3 5 7 9 |  9.6
Dodging        | 5 9 11 14 15 | 15.0
Stealth        | 3 5 7 |  7.0
Shields        | 1 6 7 11 12 | 12.0
Armour         | 4 7 9 11 | 11.8
Evocations     | 2 5 6 7 |  7.0
Short Blades   | 1 |  1.0
Staves         | 1 4 |  4.0

Action                     |  1- 3 |  4- 6 |  7- 9 | 10-12 | 13-15 | 16-18 || total
---------------------------+-------+-------+-------+-------+-------+-------++-------
  Melee: Dagger            |    15 |    27 |    57 |    61 |    42 |       ||   202
         Staff             |       |       |       |       |    27 |    45 ||    72
         Rapier            |       |       |       |       |    39 |     2 ||    41
         Scimitar          |       |       |       |       |       |     2 ||     2
  Throw: Dart              |       |       |       |       |     3 |     4 ||     7
   Cast: Foxfire           |    40 |    66 |   136 |    91 |    78 |    13 ||   424
         Scorch            |     1 |    14 |    45 |    91 |    68 |     6 ||   225
         Magic Dart        |       |     3 |       |       |   164 |    28 ||   195
         Static Discharge  |       |       |     7 |       |     2 |    11 ||    20
         Flame Wave        |       |       |     4 |    33 |    60 |    29 ||   126
         Olgreb's Toxic Ra |       |       |     2 |    17 |    18 |    35 ||    72
         Kindle Blastspark |       |       |       |     5 |     1 |       ||     6
         Iskenderun's Batt |       |       |       |     2 |    49 |    11 ||    62
         Iron Shot         |       |       |       |       |    61 |   161 ||   222
         Statue Form       |       |       |       |       |       |     1 ||     1
 Invoke: Lesser Servant of |       |       |       |     1 |     1 |     2 ||     4
         Major Destruction |       |       |       |       |       |     1 ||     1
  Evoke: Wand              |       |       |       |       |       |     3 ||     3
         Phantom mirror    |       |       |       |       |       |     1 ||     1
    Use: Scroll            |     4 |     1 |    14 |     6 |    13 |     5 ||    43
         Potion            |       |     1 |     1 |       |     1 |     8 ||    11
   Stab: Sleeping          |     1 |     1 |     1 |       |     1 |     1 ||     5
         Distracted        |       |       |       |     1 |       |       ||     1
 Armour: Robe              |     7 |     3 |    16 |       |       |       ||    26
         Troll leather arm |       |       |     3 |    24 |    78 |   109 ||   214
         Scale mail        |       |       |       |       |    20 |       ||    20
         Skin              |       |       |       |       |       |     3 ||     3
  Dodge: Dodged            |    13 |    29 |   129 |   213 |   378 |   355 ||  1117
  Block: Buckler           |       |       |    19 |   105 |   219 |   230 ||   573
         Reflection        |       |       |     2 |    15 |    13 |    26 ||    56

Table legend: (Time is in decaauts)
 A = Elapsed time spent in this place.
 B = Non-inter-level travel time spent in this place.
 C = Inter-level travel time spent in this place.
 D = Time resting spent in this place.
 E = Time spent auto-exploring this place.
 F = Levels seen in this place.
 G = Mean time per level.
                   A        B        C        D        E       F      G
               +--------+--------+--------+--------+--------+-----+--------+
         Total |  29609 |  28123 |   1486 |   9292 |  12438 |  28 | 1057.5 |
       Dungeon |  17142 |  16187 |    955 |   5360 |   8255 |  15 | 1142.8 |
          Lair |   6500 |   6136 |    364 |   1798 |   2873 |   5 | 1300.0 |
   Spider Nest |   1556 |   1513 |     43 |    406 |    477 |   3 |  518.7 |
  Orcish Mines |   1816 |   1693 |    123 |    452 |    631 |   2 |  908.0 |
         Sewer |    870 |    870 |      0 |    572 |      0 |   1 |  870.0 |
      Ice Cave |   1382 |   1382 |      0 |    692 |    202 |   1 | 1382.0 |
       Volcano |    341 |    341 |      0 |     12 |      0 |   1 |  341.0 |
               +--------+--------+--------+--------+--------+-----+--------+

Top non-repeatable levels by time:
  Lair:5: 1912 daAuts
     D:8: 1672 daAuts
     D:4: 1619 daAuts
     D:9: 1402 daAuts
     D:7: 1393 daAuts
  Lair:1: 1390 daAuts
   IceCv: 1382 daAuts
     D:2: 1337 daAuts
   Orc:2: 1241 daAuts
    D:12: 1224 daAuts
  Lair:3: 1119 daAuts
     D:5: 1082 daAuts
    D:15: 1081 daAuts
  Lair:4: 1078 daAuts
    D:14: 1060 daAuts
